 Dungeon Crawl Stone Soup version 0.27-a0-1378-gdefffd1ff6 (webtiles) character file.

Game seed: 13832930884431066773

60 siradein the Cudgeller (level 4, -13/28 HPs)
             Began as a Gargoyle Fighter on June 25, 2021.
             Mangled by an ogre (15 damage)
             ... on level 4 of the Dungeon on June 30, 2021.
             The game lasted 00:04:33 (2663 turns).

siradein the Cudgeller (Gargoyle Fighter)           Turns: 2663, Time: 00:04:34

Health: -13/28     AC: 12    Str: 20    XL:     4   Next: 6%
Magic:  4/4        EV:  5    Int:  9    God:
Gold:   120        SH: 10    Dex:  9    Spells: 3/3 levels left

rFire    . . .     SeeInvis .   a - +0 flail
rCold    . . .     Faith    .   c - +1 kite shield
rNeg     + . .     Spirit   .   e - +0 chain mail
rPois    ∞         Reflect  .   (no helmet)
rElec    +         Harm     .   (no cloak)
rCorr    .         Rampage  .   (no gloves)
Will     .....                  (no boots)
Stlth    ..........             (no amulet)
HPRegen  0.09/turn              (no ring)
MPRegen  0.09/turn              (no ring)

@: no status effects
A: sickness immunity, AC +3, negative energy resistance 1, electricity
resistance, torment resistance 1, petrification resistance
a: no special abilities


You were on level 4 of the Dungeon.
You visited 1 branch of the dungeon, and saw 4 of its levels.

You collected 120 gold pieces.

Inventory:

Hand Weapons
 a - a +0 flail (weapon)
Armour
 c - a +1 kite shield (worn)
 e - a +0 chain mail (worn)
Scrolls
 f - a scroll of fear
 i - a scroll of fog {unknown}
 j - 2 scrolls of enchant armour
 k - 2 scrolls of magic mapping
 n - a scroll of enchant weapon {unknown}
Potions
 b - 4 potions of curing
 d - a potion of might
 g - a potion of lignification {unknown}
 h - 4 potions of heal wounds
 m - a potion of ambrosia {unknown}
 o - a potion of brilliance {unknown}


   Skills:
 - Level 3.2 Fighting
 + Level 4.2 Maces & Flails
 - Level 3.2 Armour
 - Level 3.2 Shields


You had 3 spell levels left.
You didn't know any spells.
Your spell library contained the following spells:

 Spells                   Type           Power      Damage    Failure   Level
 Freeze                   Ice            0%         1d3       100%        1
 Magic Dart               Conj           0%         1d3       100%        1
 Blink                    Tloc           N/A        N/A       100%        2
 Call Imp                 Summ           0%         N/A       100%        2
 Slow                     Hex            0%         N/A       100%        2
 Conjure Flame            Conj/Fire      0%         6-21      100%        3
 Frozen Ramparts          Ice            0%         1d2       100%        3
 Mephitic Cloud           Conj/Pois/Air  0%         N/A       100%        3
 Ozocubu's Armour         Ice            0%         N/A       100%        3
 Hailstorm                Conj/Ice       0%         3d3       100%        4
 Metabolic Englaciation   Hex/Ice        0%         N/A       100%        5


Dungeon Overview and Level Annotations

Branches:
Dungeon (4/15)
 Temple: D:4-7

Altars:
Dithmenos
Kikubaaqudgha
Nemelex Xobeh
Trog
Vehumet


Innate Abilities, Weirdness & Mutations

You are immune to sickness and miasma.
Your stone body is resilient. (AC +3)
You are immune to poison.
You resist negative energy. (rN+)
You are resistant to electric shocks. (rElec)
You are resistant to unholy torment.
You are immune to petrification.


Message History

You open the door.
There is an open door here.
As you open the door, it creaks loudly!
There is an open door here.
A ball python comes into view.
The ball python hisses angrily.
You see here 5 gold pieces.
You barely miss the ball python.
The ball python bites you but does no damage.
The ball python barely misses you.
The ball python bites you but does no damage.
The ball python grabs you. The ball python constricts you.
You barely miss the ball python. You block the ball python's attack.
The ball python constricts you.
The ball python bites you but does no damage.
The ball python constricts you.
Your shield and chain mail prevent you from hitting the ball python.
You block the ball python's attack. The ball python constricts you.
You closely miss the ball python. The ball python bites you.
The ball python constricts you.
The ball python bites you but does no damage.
The ball python constricts you.
You hit the ball python.
You kill the ball python!
No target in view!
You now have 120 gold pieces (gained 5).
An ogre comes into view. It is wielding a +0 giant spiked club.
The ogre shouts!
An ogre is nearby!
An ogre is nearby!
There is an open door here.
You hit the ogre but do no damage. The ogre hits you but does no damage.
You hit the ogre.
The ogre is lightly wounded.
The ogre hits you with a +0 giant spiked club!!
Ouch! That really hurt!
* * * LOW HITPOINT WARNING * * *
The ogre hits you with a +0 giant spiked club!
Ouch! That really hurt!
You die...

* ######## ###### * #......#
#....# *#####......# #....####
*#..........# #.......#
,#..........# ######.......#
,#..........####......#.....#
,+..........+.........#.....#
,####...#...#.........#.....#
,,,*#...#...#...@...........# ###
**,*#...#...#..O##'###......###..
**,##...#...#...##..##..........#
,,,#....#...##....#.##..........#
,,,+.........'....+............>.
,,,#....#...##....##.#...........
......###...##....##..##.........
......* #...######.......#.....#.
##....* #...##...........#.....+.


You could see an ogre.

Vanquished Creatures
  2 adders (D:2)
  A dart slug (D:1)
  An orc (D:3)
  2 bats
  5 endoplasms
  A goblin (D:2)
  3 hobgoblins
  4 jackals (D:2)
  A kobold (D:2)
  4 quokkas (D:3)
  4 ball pythons
  3 frilled lizards
  4 rats
35 creatures vanquished.

Vanquished Creatures (others)
  A withered plant (D:1)
1 creature vanquished.

Grand Total: 36 creatures vanquished

Notes
Turn   | Place    | Note
-------+----------+-------------------------------------------
     0 | D:1      | siradein the Gargoyle Fighter began the quest for the Orb.
     0 | D:1      | Reached XP level 1. HP: 14/14 MP: 1/1
   408 | D:1      | Found a faded altar of an unknown god.
   421 | D:1      | Reached XP level 2. HP: 9/19 MP: 2/2
   677 | D:1      | You fall into a shaft and drop 1 floor!
   736 | D:2      | Reached skill level 3 in Maces & Flails
  1153 | D:2      | Reached XP level 3. HP: 20/23 MP: 3/3
  1204 | D:2      | Upgraded the game from 0.27-a0-1325-g58a489ad9e to
                  | 0.27-a0-1332-g84bddb5ca7
  1980 | D:3      | Reached skill level 4 in Maces & Flails
  2108 | D:3      | Found an ancient bone altar of Kikubaaqudgha.
  2108 | D:3      | Found a shadowy altar of Dithmenos.
  2137 | D:3      | Found a bloodstained altar of Trog.
  2238 | D:3      | Found a radiant altar of Vehumet.
  2238 | D:3      | Found a sparkling altar of Nemelex Xobeh.
  2406 | D:3      | Reached XP level 4. HP: 26/28 MP: 4/4
  2446 | D:3      | Upgraded the game from 0.27-a0-1332-g84bddb5ca7 to
                  | 0.27-a0-1378-gdefffd1ff6
  2644 | D:4      | Noticed an ogre
  2663 | D:4      | Mangled by an ogre

Illustrated notes

Levels and vault maps discovered:
D:1:      sevenhm_arrival_forest_fort_small_3, layout_loops_corners,
          ebering_ecumenical_altar_petrified
D:2:      layout_loops_cross, nrook_uturn
D:3:      layout_rooms, chequers_temple_overflow_statue_of_worship,
          trog_butcher_becter, jmf_multi_god_temple
D:4:      layout_basic, nicolae_shop_sticking_my_neck_out, uniq_grinder

Skill      XL: |  1  2  3 |
---------------+----------+-----
Maces & Flails | 3 4 |  4.2
Fighting       | |  3.2
Armour         | |  3.2
Shields        | |  3.2

Action                   |  1- 3 |  4- 6 || total
-------------------------+-------+-------++-------
Melee: Flail             |   137 |    10 ||   147
  Use: Scroll            |       |     5 ||     5
Armor: Chain mail        |    77 |     5 ||    82
       Scale mail        |     2 |       ||     2
Dodge: Dodged            |    37 |     2 ||    39
Block: Kite shield       |    68 |     3 ||    71

Table legend: (Time is in decaauts)
 A = Elapsed time spent in this place.
 B = Non-inter-level travel time spent in this place.
 C = Inter-level travel time spent in this place.
 D = Time resting spent in this place.
 E = Time spent auto-exploring this place.
 F = Levels seen in this place.
 G = Mean time per level.
                   A        B        C        D        E       F      G
               +--------+--------+--------+--------+--------+-----+--------+
         Total |   2730 |   2631 |     99 |      2 |   2233 |   4 |  682.5 |
       Dungeon |   2730 |   2631 |     99 |      2 |   2233 |   4 |  682.5 |
               +--------+--------+--------+--------+--------+-----+--------+

Top non-repeatable levels by time:
     D:2: 1251 daAuts
     D:1: 688 daAuts
     D:3: 611 daAuts
     D:4: 178 daAuts
